 Dungeon Crawl Stone Soup version 0.32-a0-616-g9348d4545b (webtiles) character file.

Game seed: 8711373130031105391

3266 ezpacito the Chopper (level 10, -1/76 HPs)
             Began as a Coglin Chaos Knight on Mar 5, 2024.
             Was a Plaything of Xom.
             Slain by an orc warrior
             ... wielding a +0 trident
              (7 damage)
             ... in a bailey.
             The game lasted 00:11:14 (6347 turns).

ezpacito the Chopper (Coglin Chaos Knight)          Turns: 6347, Time: 00:11:14

Health: -1/76      AC:  8    Str: 17    XL:     10   Next: 0%
Magic:  14/14      EV: 12    Int: 12    God:    Xom [*.....]
Gold:   456        SH:  0    Dex: 13    Spells: 6/14 levels left

rFire   + . .        a - +3 hand axe (chaos) {Bojana}
rCold   + . .        G - +5 dagger {Elena}
rNeg    . . .        s - +2 ring mail {rPois}
rPois   +            (helmet restricted)
rElec   +            (no cloak)
rCorr   +            (no gloves)
SInv    .            (no boots)
Will    .....        (amulet unavailable) Stlth
                     (ring unavailable)
HPRegen 0.32/turn    (ring unavailable)
MPRegen 0.14/turn    (no gizmo)

%: no passive effects
@: confused, resistant, ambrosia-drunk, attractive, revving
A: off-hand wielding, slow wielding, warmup strikes, no jewellery, horns 1, wild
magic 1, inability to drink after injury 1
a: Invent Gizmo, Renounce Religion


You were in a bailey.
You worshipped Xom.
You were a special plaything of Xom.
You visited 2 branches of the dungeon, and saw 9 of its levels.
You also visited: Sewer and Bailey.

You collected 456 gold pieces.

Inventory:

Hand Weapons
 a - a +3 hand axe of chaos (weapon) {Bojana}
 m - a +2 mace of protection {Yan}
 p - a +0 war axe
 G - a +5 dagger (offhand) {Elena}
Missiles
 h - 7 poisoned darts (quivered)
 v - a throwing net
 x - 13 boomerangs
 J - 6 javelins
Armour
 k - +0 acid dragon scales
 s - a +2 ring mail of poison resistance (worn)
 A - a +0 helmet
 D - a +0 chain mail
Magical Staves
 o - a staff of fire
 F - a staff of death
Wands
 i - a wand of iceblast (6)
 y - a wand of quicksilver (8)
 z - a wand of paralysis (19)
Scrolls
 b - 3 scrolls of fog
 c - a scroll of butterflies
 e - 6 scrolls of vulnerability
 n - a scroll of torment {unknown}
 r - 2 scrolls of immolation {unknown}
 t - 3 scrolls of teleportation
 B - a scroll of blinking
 E - a scroll of brand weapon {unknown}
 H - a scroll of poison {unknown}
Potions
 g - 3 potions of mutation
 j - a potion of haste {unknown}
 l - a potion of heal wounds
 q - a potion of curing
 I - 3 potions of enlightenment
Miscellaneous
 w - a box of beasts


   Skills:
 * Level 6.0 Fighting
 * Level 6.0(6.4) Axes
 + Level 3.0(4.6) Polearms
 * Level 5.0 Armour
 * Level 4.6 Dodging
 + Level 3.1 Stealth
 + Level 1.9 Unarmed Combat
 + Level 2.7 Spellcasting
 + Level 2.5 Summonings
 + Level 2.2 Necromancy
 + Level 2.3 Translocations
 + Level 2.3 Alchemy
 + Level 2.7 Evocations


You had 6 spell levels left.
You knew the following spells:

 Your Spells              Type           Power      Damage    Failure   Level
a - Flame Wave            Conj/Fire      2%         2d4       99%         4
b - Necrotise             Necr           36%        1d5       24%         1
c - Sting                 Conj/Alch      20%        1d4       34%         1
d - Summon Small Mammal   Summ           36%        N/A       22%         1
g - Apportation           Tloc           18%        N/A       24%         1

Your spell library contained the following spells:

 Spells                   Type           Power      Damage    Failure   Level
 Mercury Vapours          Alch/Air       10%        N/A       47%         2
 Jinxbite                 Hex            4%         N/A       63%         2
 Scorch                   Fire           4%         2d5       63%         2
 Mephitic Cloud           Conj/Alch/Air  4%         N/A       75%         3
 Freezing Cloud           Conj/Ice/Air   1%         6-21      100%        5
 Yara's Violent Unravell  Hex/Alch       2%         3d3       100%        5
 Summon Cactus Giant      Summ           4%         N/A       100%        6
 Enfeeble                 Hex            1%         N/A       100%        7


Dungeon Overview and Level Annotations

Branches:
Dungeon (8/15)             Temple (1/1) D:7           Sewer (visited)
 Bailey (1/1)
   Lair: D:8-11

Altars:
Ashenzari
Cheibriados
Elyvilon
Fedhas
Gozag
Hepliaklqana
Okawaru
Qazlal
Trog
Uskayaw
Vehumet
Wu Jian
Xom
Yredelemnul

Annotations:
Bailey 2 runed translucent doors


Innate Abilities, Weirdness & Mutations

You can wield a second weapon in your off-hand.
It takes a long time for you to wield or remove held weapons.
Your first few attacks do less damage.
You cannot equip rings or amulets.
You have a pair of small horns on your head.
Your spells are a little harder to cast, but a little more powerful.
You occasionally lose the ability to drink potions when taking damage.


Message History

You headbutt the orc warrior.
The orc warrior is lightly wounded.
You closely miss the orc warrior with your +5 dagger.
An orc knight comes into view. It is wielding a +0 halberd.
The orc warrior barely misses you.
You barely miss the orc warrior with your +3 hand axe of chaos.
The orc warrior is lightly wounded.
You hit the orc warrior but do no damage.
The orc knight roars a battlecry!
The orc warriors go into a battle-frenzy!
It was a potion of attraction.
You feel attractive to monsters.
Xom roars with laughter!
The orc warrior hits you from afar with a +0 halberd!
The orc warrior hits you with a +0 spear.
The orc warrior is attracted toward you. x3
You take 12 damage, and have 30/76 hp.
You feel much better. The orc warrior barely misses you.
The orc warrior misses you.
The orc warrior hits you but does no damage.
The orc warrior hits you with a +0 trident!
You regained 10 hp, and now have 40/76 hp.
You are confused.
You feel invigorated.
The orc warrior hits you with a +0 halberd.
The orc warrior hits you from afar with a +0 glaive!
The orc warrior hits you but does no damage.
The orc warrior hits you with a +0 trident!
* * * LOW HITPOINT WARNING * * *
You take 18 damage, and have 22/76 hp.
MASSIVE DAMAGE!!
It was a potion of resistance.
You feel protected.
The orc warrior hits you but does no damage.
The orc warrior hits you from afar with a +0 glaive!
* * * LOW HITPOINT WARNING * * *
The orc warrior hits you with a +0 spear.
* * * LOW HITPOINT WARNING * * *
The orc warrior hits you with a +0 trident!
You die...
Xom giggles madly!

..♣..≈ ≈....#..#
....######...#.ß# ∆ ##ßo
.............#..#∆∆ .#o.
.............'..#∆∆ ..+..
.............'..#∆∆##e.+o.
.............#o.#∆∆....#
....######...#oß# ∆...#
.....≈≈≈≈....#.o########..
..♣..≈≈≈≈.♣.##)o@o).......
.....≈≈≈≈...#...).).......
#.♣..≈≈≈≈♣..#..##########.∆
#...≈≈≈≈≈♣..####
#♣.≈≈≈≈≈♣♣... ♣♣≈≈≈≈≈♣ ..
#######


You could see an orc knight and 4 orc warriors.

Vanquished Creatures
  Maggie (D:7)
  Sigmund (D:2)
  A steam dragon (D:7)
  3 water moccasins
  2 orc warriors
  Pargi (Sewer)
  2 ice beasts (D:7)
  A black bear (D:4)
  A sky beast (D:6)
  An ogre (D:7)
  A phantom (D:3)
  A brain worm (Sewer)
  6 wights
  A howler monkey (D:5)
  A bombardier beetle (D:5)
  2 orc priests (D:4)
  A hound (D:5)
  5 iguanas
  2 jellies
  A sleepcap (D:6)
  Natasha (D:2)
  Robin (D:2)
  3 gnolls (D:4)
  9 adders
  2 shadow imps
  4 ufetubi
  2 dart slugs (D:2)
  2 ribbon worms
  10 orcs
  2 ball pythons
  10 bats
  7 endoplasms
  3 giant cockroaches
  13 goblins
  6 hobgoblins
  4 kobolds
  4 quokkas
  2 frilled lizards (D:2)
  10 rats
130 creatures vanquished.

Vanquished Creatures (collateral kills)
  Eustachio (D:6)
  Edmund (D:6)
  An orc warrior (D:6)
  An ice beast (D:6)
  2 wights (D:6)
  A white imp (D:6)
  An ufetubus (D:6)
8 creatures vanquished.

Grand Total: 138 creatures vanquished

Notes
Turn   | Place    | Note
-------+----------+-------------------------------------------
     0 | D:1      | ezpacito the Coglin Chaos Knight began the quest for the
                  | Orb.
     0 | D:1      | Reached XP level 1. HP: 18/18 MP: 1/1
   108 | D:1      | Reached skill level 1 in Dodging
   203 | D:1      | Reached XP level 2. HP: 24/24 MP: 2/2
   269 | D:1      | XOM: silly message
   299 | D:1      | Found a faded altar of an unknown god.
   654 | D:2      | XOM: divination: magic mapping
   782 | D:2      | Noticed Sigmund
   791 | D:2      | XOM: butterfly on damage
   794 | D:2      | XOM: potion effect (curing)
   799 | D:2      | Killed Sigmund
   800 | D:2      | Reached skill level 1 in Polearms
   800 | D:2      | Reached skill level 1 in Stealth
   800 | D:2      | Reached XP level 3. HP: 23/30 MP: 2/4
   800 | D:2      | Reached XP level 4. HP: 29/37 MP: 2/5
   800 | D:2      | Reached XP level 5. HP: 33/42 MP: 2/6
   920 | D:2      | Noticed Robin
   940 | D:2      | Killed Robin
  1132 | D:2      | Noticed Natasha
  1134 | D:2      | Reached XP level 6. HP: 46/48 MP: 7/7
  1140 | D:2      | Killed Natasha
  1141 | D:2      | Reached skill level 1 in Spellcasting
  1212 | D:2      | Learned a level 4 spell: Flame Wave
  1322 | D:2      | XOM: silly message
  1347 | D:2      | Found a hide-covered altar of Uskayaw.
  1684 | D:3      | XOM: silly message
  1734 | D:3      | Found a glowing drain.
  1743 | Sewer    | Entered a sewer
  1757 | Sewer    | Noticed Pargi
  1764 | Sewer    | XOM: divination: detect items
  1765 | Sewer    | XOM: potion effect (heal wounds)
  1776 | Sewer    | Killed Pargi
  1777 | Sewer    | Reached XP level 7. HP: 46/54 MP: 8/8
  1951 | D:3      | Found an ornate altar of the Wu Jian Council.
  3035 | D:4      | XOM: polymorph quokka -> jelly
  3407 | D:4      | Learned a level 1 spell: Necrotise
  3409 | D:4      | Learned a level 1 spell: Sting
  3411 | D:4      | Learned a level 1 spell: Summon Small Mammal
  3413 | D:4      | Learned a level 1 spell: Apportation
  3424 | D:5      | Entered Level 5 of the Dungeon
  3456 | D:5      | Reached XP level 8. HP: 61/61 MP: 10/10
  3628 | D:5      | XOM: god gift: box of beasts
  3636 | D:5      | XOM: 9-stop teleportation journey
  3945 | D:5      | Found a radiant altar of Vehumet.
  3978 | D:5      | XOM: give mutations
  3978 | D:5      | Gained mutation: You possess an exceptional clarity of
                  | mind. [Xom's grace]
  3978 | D:5      | Gained mutation: You have a pair of small horns on your
                  | head. [Xom's grace]
  4193 | D:5      | Reached skill level 1 in Alchemy
  4275 | D:5      | XOM: god gift: bronze ring {god gift}
  4393 | D:5      | Found an iron altar of Okawaru.
  4530 | D:6      | Found a broken altar of Ashenzari.
  4635 | D:6      | Noticed Eustachio
  4649 | D:6      | Killed Eustachio
  4650 | D:6      | Reached skill level 5 in Fighting
  4650 | D:6      | Reached skill level 5 in Axes
  4650 | D:6      | Reached skill level 1 in Summonings
  4650 | D:6      | Reached skill level 1 in Evocations
  4650 | D:6      | Noticed Edmund
  4654 | D:6      | Reached skill level 1 in Necromancy
  4654 | D:6      | Reached skill level 1 in Translocations
  4655 | D:6      | Killed Edmund
  4659 | D:6      | Reached skill level 1 in Unarmed Combat
  4660 | D:6      | Reached XP level 9. HP: 63/68 MP: 12/12
  4829 | D:6      | XOM: give mutation
  4829 | D:6      | Lost mutation: You possess an exceptional clarity of mind.
                  | [Xom's mischief]
  5169 | D:7      | XOM: give mutations
  5169 | D:7      | Gained mutation: You occasionally lose the ability to drink
                  | potions when taking damage. [Xom's mischief]
  5169 | D:7      | Gained mutation: Your spells are a little harder to cast,
                  | but a little more powerful. [Xom's mischief]
  5246 | D:7      | XOM: 2-stop teleportation journey
  5267 | D:7      | Found an opulent altar of Gozag.
  5672 | D:7      | Noticed Maggie
  5680 | D:7      | Killed Maggie
  5765 | D:7      | Found a staircase to the Ecumenical Temple.
  6084 | Temple   | Entered the Ecumenical Temple
  6103 | D:7      | XOM: god gift: wand of iceblast (6)
  6182 | D:8      | Reached skill level 5 in Armour
  6221 | D:8      | Found a flagged portal.
  6232 | Bailey   | Entered a bailey
  6262 | Bailey   | XOM: divination: detect items
  6318 | Bailey   | Found a large runed translucent door.
  6318 | Bailey   | Found a large runed translucent door.
  6324 | Bailey   | Reached XP level 10. HP: 53/76 MP: 14/14
  6337 | Bailey   | Noticed a deep elf pyromancer
  6342 | Bailey   | Noticed an orc knight
  6347 | Bailey   | Slain by an orc warrior

Illustrated notes

Levels and vault maps discovered:
D:1:      dpeg_arrival_signposts, layout_rooms,
          shapermc_ecumenical_altar_flowoftime, st_stairs_1
D:2:      layout_loops_corners, basic_altar, uniq_natasha, uniq_sigmund,
          uniq_robin
D:3:      layout_rooms, pdpol_wu_jian_five_deadly_venoms,
          gup_sewer_entry_bubbles
D:4:      layout_basic
D:5:      layout_loops_ring, hellmonk_okawaru_the_only_friend_you_need,
          kennysheep_mini
D:6:      layout_cave_pools, ashenzari_altar_1, kennysheep_opposing_triangles,
          uniq_edmund, uniq_eustachio
D:7:      layout_rooms, marbit_many_paths, minmay_temple_entry_large_hall,
          uniq_maggie
D:8:      layout_loops_ring, mainiacjoe_overflow_catwalk,
          lemuel_mausoleum_altar_kikubaaqudgha, serial_co_window_serial,
          co_window_paths_a, co_window_paths_a, co_window_paths_a,
          co_window_corner_a, co_window_paths_b, co_window_2corner,
          co_window_unsneaky_path_d, co_window_broadway_b,
          co_window_of_opportunity_c, co_window_paths_c, co_window_2corner,
          co_window_paths_e, glass_columns_b, glass_columns_b, glass_columns_a,
          glass_columns_c, enter_bailey_8, nicolae_nh_ransacked_shop
Temple:   hellmonk_temple_rainy
Bailey:   bailey_polearm_elven_captive_hellmonk, bailey

Skill      XL: |  1  2  3  4  5  6  7  8  9 |
---------------+----------------------------+-----
Dodging        | 1 2 3 4 |  4.6
Armour         | 2 3 4 5 |  5.0
Polearms       | 1 2 3 |  3.0
Stealth        | 1 2 3 |  3.1
Spellcasting   | 1 2 |  2.7
Fighting       | 4 5 6 |  6.0
Axes           | 4 5 6 |  6.0
Alchemy        | 1 2 |  2.3
Summonings     | 1 2 |  2.5
Evocations     | 1 2 |  2.7
Necromancy     | 1 2 |  2.2
Translocations | 1 2 |  2.3
Unarmed Combat | 1 |  1.9

Action                     |  1- 3 |  4- 6 |  7- 9 | 10-12 || total
---------------------------+-------+-------+-------+-------++-------
  Melee: Hand axe          |    49 |    82 |   188 |     8 ||   327
         Dagger            |    41 |    46 |    76 |     7 ||   170
         Mace              |       |    29 |   104 |       ||   133
         Headbutt          |       |       |    28 |     2 ||    30
  Evoke: Wand              |       |       |     1 |       ||     1
    Use: Potion            |     4 |     2 |     3 |     4 ||    13
         Scroll            |       |     3 |    10 |       ||    13
   Stab: Confused          |     1 |       |     3 |       ||     4
         Paralysed         |     2 |       |     3 |       ||     5
         Sleeping          |       |     2 |     1 |       ||     3
 Armour: Leather armour    |    27 |    90 |    14 |       ||   131
         Ring mail         |       |       |   144 |    18 ||   162
  Dodge: Dodged            |    26 |   106 |   160 |     5 ||   297

Table legend: (Time is in decaauts)
 A = Elapsed time spent in this place.
 B = Non-inter-level travel time spent in this place.
 C = Inter-level travel time spent in this place.
 D = Time resting spent in this place.
 E = Time spent auto-exploring this place.
 F = Levels seen in this place.
 G = Mean time per level.
                   A        B        C        D        E       F      G
               +--------+--------+--------+--------+--------+-----+--------+
         Total |   6420 |   6185 |    235 |     61 |   4927 |  11 |  583.6 |
       Dungeon |   6205 |   5971 |    234 |     61 |   4847 |   8 |  775.6 |
        Temple |      1 |      1 |      0 |      0 |      0 |   1 |    1.0 |
         Sewer |     99 |     99 |      0 |      0 |      8 |   1 |   99.0 |
        Bailey |    114 |    114 |      0 |      0 |     72 |   1 |  114.0 |
               +--------+--------+--------+--------+--------+-----+--------+

Top non-repeatable levels by time:
     D:4: 1129 daAuts
     D:5: 1029 daAuts
     D:2: 1014 daAuts
     D:7: 981 daAuts
     D:6: 707 daAuts
     D:3: 632 daAuts
     D:1: 602 daAuts
  Bailey: 114 daAuts
     D:8: 107 daAuts
   Sewer: 99 daAuts
  Temple: 1 daAuts
